General information
- name: BNet
- type: Ladder team game (AT/RT)
- host: Battle.net
- saver: ColorComRod
map: Deadlock
- players: 8
- length: 27:27
- speed: Fast
- version: 1.27 W3XP
- replay type: Public
» download(171 KB)
Players
team 1 (loser)

»
Anjelica (
red | 69 APM | 1859 actions | 26:57)
7 Dark Ranger
3 Black Arrow
3 Silence
1 Charm
» actions
| Assign group hotkey | 45 | |
| Basic commands | 104 | |
| Build / train | 163 | |
| ESC pressed | 10 | |
| Enter build submenu | 31 | |
| Enter hero's abilities submenu | 8 | |
| Right click | 660 | |
| Select / deselect | 501 | |
| Select group hotkey | 233 | |
| Use ability | 104 | |
1859 total
» units
| Wisp | 27 | |
| Archer | 15 | |
| Druid of the Talon | 2 | |
| Crypt Fiend | 12 | |
| Abomination | 16 | |
| Acolyte | 13 | |
| Chimaera | 26 | |
| Ghoul | 2 | |
| Hippogryph | 5 | |
| Gargoyle | 2 | |
120 total
» upgrades
| Improved Bows | 1 | |
| Druid of the Talon Training | 1 | |
| Strength of the Wild | 3 | |
| Marksmanship | 1 | |
| Corrosive Breath | 1 | |
| Creature Attack | 1 | |
| Reinforced Hides | 1 | |
9 total
» buildings
| Moon Well | 8 | |
| Ancient of War | 3 | |
| Altar of Elders | 1 | |
| Tree of Ages | 2 | |
| Ancient of Wonders | 1 | |
| Tree of Life | 2 | |
| Hunter's Hall | 1 | |
| Ancient of Wind | 2 | |
| Tree of Eternity | 3 | |
| Spirit Tower | 2 | |
| Chimaera Roost | 3 | |
| Ziggurat | 4 | |
| Slaughterhouse | 1 | |
| Crypt | 1 | |
34 total
» build order
00:06 Moon Well
00:25 Ancient of War
00:38 Ancient of War
01:11 Altar of Elders
02:10 Moon Well
02:45 Ancient of War
03:29 Tree of Ages
03:29 Tree of Ages
03:49 Moon Well
04:03 Ancient of Wonders
04:49 Moon Well
05:18 Tree of Life
05:20 Tree of Life
05:41 Hunter's Hall
06:15 Ancient of Wind
06:17 Ancient of Wind
07:29 Tree of Eternity
07:29 Tree of Eternity
07:29 Tree of Eternity
10:25 Spirit Tower
10:31 Spirit Tower
11:14 Chimaera Roost
11:15 Chimaera Roost
11:15 Chimaera Roost
11:46 Moon Well
11:47 Moon Well
13:16 Ziggurat
15:07 Moon Well
15:07 Moon Well
16:53 Slaughterhouse
17:44 Ziggurat
17:44 Ziggurat
17:46 Ziggurat
25:02 Crypt
» items
| Lesser Clarity Potion | 1 | |
| Scroll of Town Portal | 5 | |
| Anti-magic Potion | 2 | |
| Scroll of Protection | 1 | |
9 total

»
Satanaz (
blue | 64 APM | 1732 actions | 27:03)
6 Dark Ranger
2 Black Arrow
3 Silence
1 Charm
1 Crypt Lord
1 Spiked Carapace
» actions
| Assign group hotkey | 31 | |
| Basic commands | 5 | |
| Build / train | 96 | |
| Enter build submenu | 29 | |
| Enter hero's abilities submenu | 7 | |
| Right click | 598 | |
| Select / deselect | 406 | |
| Select group hotkey | 492 | |
| Use ability | 68 | |
1732 total
» units
| Wisp | 37 | |
| Archer | 9 | |
| Crypt Fiend | 2 | |
| Dryad | 15 | |
| Acolyte | 2 | |
| Gargoyle | 4 | |
69 total
» upgrades
| Abolish Magic | 1 | |
| Unholy Strength | 1 | |
| Unholy Armor | 1 | |
| Strength of the Wild | 2 | |
| Reinforced Hides | 1 | |
6 total
» buildings
| Moon Well | 8 | |
| Altar of Elders | 1 | |
| Ancient of War | 2 | |
| Tree of Ages | 1 | |
| Hunter's Hall | 1 | |
| Ancient of Lore | 6 | |
| Tree of Life | 3 | |
| Ancient of Wonders | 4 | |
| Tomb of Relics | 1 | |
27 total
» build order
01:46 Moon Well
02:13 Altar of Elders
02:47 Ancient of War
03:06 Ancient of War
03:22 Moon Well
04:08 Moon Well
06:21 Moon Well
06:25 Tree of Ages
07:17 Hunter's Hall
09:31 Ancient of Lore
09:38 Tree of Life
09:47 Ancient of Lore
10:01 Ancient of Wonders
10:30 Tree of Life
12:54 Ancient of Wonders
13:36 Ancient of Wonders
15:24 Ancient of Wonders
17:08 Ancient of Lore
18:39 Moon Well
22:23 Moon Well
23:24 Tomb of Relics
25:02 Ancient of Lore
25:08 Ancient of Lore
25:14 Ancient of Lore
25:19 Tree of Life
25:38 Moon Well
25:38 Moon Well
» items
| Scroll of Town Portal | 7 | |
| Potion of Healing | 2 | |
| Lesser Clarity Potion | 1 | |
| Scroll of Protection | 1 | |
| Potion of Lesser Invulnerability | 1 | |
12 total
GovLegend (
purple | 63 APM | 640 actions | 10:13)
3 Crypt Lord
2 Carrion Beetles
1 Spiked Carapace
» actions
| Assign group hotkey | 16 | |
| Basic commands | 60 | |
| Build / train | 28 | |
| Enter build submenu | 12 | |
| Enter hero's abilities submenu | 3 | |
| Right click | 185 | |
| Select / deselect | 144 | |
| Select group hotkey | 176 | |
| Use ability | 16 | |
640 total
» units
| Acolyte | 5 | |
| Ghoul | 2 | |
| Crypt Fiend | 9 | |
16 total
» upgrades
| Creature Attack | 2 | |
| Creature Carapace | 1 | |
| Web | 1 | |
| Burrow | 1 | |
5 total
» buildings
| Graveyard | 1 | |
| Crypt | 2 | |
| Ziggurat | 5 | |
| Altar of Darkness | 1 | |
| Tomb of Relics | 1 | |
| Halls of the Dead | 1 | |
| Black Citadel | 1 | |
| Slaughterhouse | 1 | |
13 total
» build order
00:07 Graveyard
00:10 Crypt
00:40 Ziggurat
01:24 Altar of Darkness
01:55 Ziggurat
02:59 Tomb of Relics
03:02 Ziggurat
05:59 Halls of the Dead
06:51 Ziggurat
06:55 Crypt
08:28 Black Citadel
08:29 Slaughterhouse
09:17 Ziggurat
team 2 (winner)

»
uzze (
teal | 80 APM | 2208 actions | 27:26)
6 Death Knight
3 Death Coil
2 Unholy Aura
1 Animate Dead
3 Lich
2 Frost Nova
1 Frost Armor
4 Dreadlord
2 Sleep
2 Vampiric Aura
» actions
| Assign group hotkey | 115 | |
| Basic commands | 1 | |
| Build / train | 87 | |
| ESC pressed | 1 | |
| Enter build submenu | 23 | |
| Enter hero's abilities submenu | 13 | |
| Give item / drop item | 1 | |
| Remove unit from queue | 1 | |
| Right click | 1017 | |
| Select / deselect | 275 | |
| Select group hotkey | 599 | |
| Use ability | 75 | |
2208 total
» units
| Acolyte | 11 | |
| Ghoul | 5 | |
| Crypt Fiend | 6 | |
| Obsidian Statue | 2 | |
| Frost Wyrm | 11 | |
35 total
» upgrades
| Creature Attack | 3 | |
| Creature Carapace | 3 | |
| Web | 1 | |
| Ghoul Frenzy | 1 | |
| Freezing Breath | 1 | |
9 total
» buildings
| Graveyard | 1 | |
| Crypt | 1 | |
| Altar of Darkness | 1 | |
| Ziggurat | 9 | |
| Tomb of Relics | 1 | |
| Nerubian Tower | 2 | |
| Halls of the Dead | 2 | |
| Necropolis | 1 | |
| Black Citadel | 1 | |
| Sacrificial Pit | 1 | |
| Slaughterhouse | 1 | |
| Spirit Tower | 1 | |
| Boneyard | 4 | |
26 total
» build order
00:10 Graveyard
00:12 Crypt
00:43 Altar of Darkness
01:02 Ziggurat
01:27 Tomb of Relics
02:02 Ziggurat
03:44 Ziggurat
03:46 Nerubian Tower
03:46 Nerubian Tower
04:30 Halls of the Dead
05:42 Necropolis
07:38 Ziggurat
09:33 Ziggurat
09:34 Ziggurat
09:36 Ziggurat
09:39 Black Citadel
09:42 Sacrificial Pit
09:44 Slaughterhouse
11:37 Spirit Tower
12:09 Boneyard
12:10 Boneyard
12:11 Boneyard
13:10 Boneyard
15:16 Ziggurat
25:24 Ziggurat
» items
| Rod of Necromancy | 5 | |
| Healing Salve | 1 | |
| Scroll of Town Portal | 3 | |
| Boots of Speed | 1 | |
| Orb of Corruption | 1 | |
11 total
Rush_Limbaugh (
orange | 41 APM | 1120 actions | 27:26)
4 Blademaster
2 Wind Walk
2 Critical Strike
6 Tauren Chieftain
3 Endurance Aura
2 War Stomp
1 Reincarnation
» actions
| Assign group hotkey | 4 | |
| Build / train | 82 | |
| Enter build submenu | 27 | |
| Enter hero's abilities submenu | 10 | |
| Remove unit from queue | 4 | |
| Right click | 388 | |
| Select / deselect | 224 | |
| Select group hotkey | 296 | |
| Use ability | 85 | |
1120 total
» units
| Peon | 14 | |
| Grunt | 8 | |
| Shaman | 13 | |
| Tauren | 6 | |
41 total
» upgrades
| Armor | 1 | |
| Spiked Barricades | 1 | |
| Shaman Training | 2 | |
| Reinforced Defenses | 1 | |
| Melee Weapons | 1 | |
| Pulverize | 1 | |
7 total
» buildings
| Altar of Storms | 1 | |
| Orc Burrow | 9 | |
| Barracks | 1 | |
| Voodoo Lounge | 1 | |
| Stronghold | 1 | |
| War Mill | 1 | |
| Spirit Lodge | 1 | |
| Watch Tower | 10 | |
| Fortress | 2 | |
| Tauren Totem | 1 | |
| Great Hall | 1 | |
29 total
» build order
00:12 Altar of Storms
00:18 Orc Burrow
00:24 Barracks
01:41 Orc Burrow
02:31 Orc Burrow
03:18 Voodoo Lounge
04:31 Orc Burrow
05:35 Stronghold
06:07 War Mill
10:06 Orc Burrow
10:20 Spirit Lodge
11:51 Watch Tower
12:00 Watch Tower
12:15 Watch Tower
12:29 Watch Tower
13:19 Orc Burrow
14:36 Fortress
14:36 Fortress
15:47 Orc Burrow
16:52 Watch Tower
18:00 Watch Tower
18:22 Watch Tower
18:29 Watch Tower
20:19 Watch Tower
20:28 Watch Tower
20:52 Tauren Totem
22:08 Orc Burrow
24:38 Orc Burrow
25:46 Great Hall
» items
| Healing Salve | 3 | |
| Orb of Lightning | 2 | |
| Scroll of Speed | 1 | |
6 total
TKjerksORnoobs (
green | 98 APM | 2676 actions | 27:26)
7 Death Knight
3 Death Coil
3 Unholy Aura
1 Animate Dead
6 Dark Ranger
2 Black Arrow
3 Silence
1 Charm
» actions
| Assign group hotkey | 146 | |
| Basic commands | 113 | |
| Build / train | 81 | |
| Enter build submenu | 32 | |
| Enter hero's abilities submenu | 14 | |
| Right click | 871 | |
| Select / deselect | 346 | |
| Select group hotkey | 960 | |
| Use ability | 113 | |
2676 total
» units
| Acolyte | 9 | |
| Ghoul | 4 | |
| Crypt Fiend | 18 | |
| Obsidian Statue | 7 | |
38 total
» upgrades
| Creature Attack | 3 | |
| Web | 1 | |
| Burrow | 1 | |
| Destroyer Form | 1 | |
| Creature Carapace | 3 | |
9 total
» buildings
| Graveyard | 1 | |
| Crypt | 4 | |
| Ziggurat | 11 | |
| Altar of Darkness | 1 | |
| Halls of the Dead | 1 | |
| Tomb of Relics | 3 | |
| Spirit Tower | 7 | |
| Necropolis | 3 | |
| Black Citadel | 1 | |
| Slaughterhouse | 2 | |
34 total
» build order
00:08 Graveyard
00:14 Crypt
00:42 Ziggurat
01:01 Altar of Darkness
02:01 Ziggurat
04:05 Halls of the Dead
04:28 Tomb of Relics
05:27 Ziggurat
06:03 Crypt
06:06 Crypt
06:09 Crypt
06:11 Spirit Tower
06:12 Spirit Tower
06:24 Necropolis
09:17 Ziggurat
10:08 Black Citadel
10:33 Slaughterhouse
10:34 Spirit Tower
10:46 Slaughterhouse
11:34 Spirit Tower
11:41 Necropolis
12:09 Ziggurat
12:43 Ziggurat
13:08 Spirit Tower
13:13 Ziggurat
13:16 Ziggurat
14:05 Tomb of Relics
14:32 Spirit Tower
22:34 Necropolis
24:12 Ziggurat
24:14 Ziggurat
24:14 Ziggurat
24:36 Tomb of Relics
25:09 Spirit Tower
» items
| Scroll of Town Portal | 5 | |
| Orb of Corruption | 2 | |
| Potion of Healing | 1 | |
8 total
Chat log
(00:35 / All) PlayByPlayBob: Hello folks! Thank you for joining us tonight. It's early Saturday morning, Nov 19th or Friday night still if you are
(00:38 / All) PlayByPlayBob: on the west coast
(00:43 / Allies) Rush_Limbaugh: they have the same on their team
(00:50 / All) PlayByPlayBob: My name is Bob and I'll be the play by play announcer for tonight's match, with me is
(01:01 / All) PlayByPlayBob: Rod who will provide expert analysis on the action tonight
(01:02 / All) ColorComRod: Rod, I'm here to do the color commentary, all the analysis and strategy, all that good stuff
(01:03 / All) PlayByPlayBob: How are you doing Rod?
(01:05 / All) GovLegend: can we no rush 20 mins?
(01:13 / All) GovLegend: i got 2 afks
(01:18 / All) ColorComRod: I'm doing great tonight Bob, thanks, I think we're about to have a great match and I'm really excited
(01:23 / All) ColorComRod: I think this is going to be a great game
(01:24 / All) PlayByPlayBob: It looks like team 1 has another AFK besides me, this could be over quickly
(01:39 / All) GovLegend: oh no HES BACK
(01:41 / All) ColorComRod: My team seems like they may push early judging by their builds
(01:42 / All) PlayByPlayBob: Blue joins the fray
(01:44 / All) PlayByPlayBob: That's great
(01:50 / All) PlayByPlayBob: I'd hate to see a lopsided match
(01:52 / All) GovLegend: HEY BOB DO I HAVE TO DO YOUR JOB FOR YOU!?
(01:59 / All) PlayByPlayBob: Two night elves and an undead
(01:59 / All) ColorComRod: Standard undead from green and teal so far, but they could easily be aggressive
(02:08 / All) PlayByPlayBob: against two undead and an orc
(02:13 / All) ColorComRod: And orange going blademaster--no, switching to taurenchieftain after cancelling, very odd move
(02:22 / All) GovLegend: HAHAHAHA
(02:30 / All) PlayByPlayBob: What do you think is running through his tiny little mind, Rod?
(02:31 / All) GovLegend: i love this
(02:39 / All) ColorComRod: We see similarly standard build's on team 1
(02:45 / All) ColorComRod: It's really all up in the air so far
(02:55 / All) ColorComRod: I'm not sure Bob, it's a really odd move
(03:06 / All) ColorComRod: It's not often you see such indecisive hero switching
(03:06 / All) PlayByPlayBob: this is an interesting match up, dual NE vs dual UD with orc and UD playing spoiler
(03:18 / All) PlayByPlayBob: Blue with teh cryptlord first
(03:23 / All) ColorComRod: Both undead on my team are going death knights and fiends, creeping so far
(03:30 / All) PlayByPlayBob: Interesting choice, I would assume that DK is almost crucial for a UD army
(03:40 / All) PlayByPlayBob: What's your take on that Rod? You have more UD experience
(04:08 / All) ColorComRod: I think they're going very standard, safe, death knight fiend builds so far, nothing out of the ordinary
(04:16 / All) ColorComRod: They're playing it safe since they want to be careful
(04:18 / All) PlayByPlayBob: Red and purple electing to creep by committtee, green and teal creep their expansions alone
(04:32 / All) ColorComRod: What really surprises me is orange going tauren chieftain, I'm not sure what he's thinking, it's a bit unusual but can be good
(04:48 / All) PlayByPlayBob: With two UD the DK is almost essential to keep each other healed
(04:58 / All) PlayByPlayBob: Purple being the lone UD on this side elected to go for the Cryptlord
(04:59 / All) ColorComRod: Surprisingly it looks like everyone is building up and creeping, not clear what will happen yet
(05:15 / All) ColorComRod: Perhaps they're all thinking to build up for a delayed timing attack, as there's not much tech yet
(05:16 / All) PlayByPlayBob: Red and Purple have an interesting creep strategy
(05:32 / All) PlayByPlayBob: I think it would be easier and efficient to creep these weak creep camps alone
(05:34 / All) PlayByPlayBob: But
(05:35 / All) ColorComRod: But ah, there's the undead tech on team 2, however orange still hasn't started teching
(05:48 / All) PlayByPlayBob: Blue decided to go Dark Ranger, Rod
(05:51 / All) PlayByPlayBob: but purple did not go DK
(05:52 / All) ColorComRod: I'm surprised purple has gone crypt lord first
(05:58 / All) PlayByPlayBob: Miscue on teh part of team 1
(06:00 / All) ColorComRod: Very unusual hero choices from blue and purple
(06:10 / All) PlayByPlayBob: Green is going for the easy experience
(06:11 / All) GovLegend: yeah im really fucking high
(06:11 / All) ColorComRod: But it could be interesting and help make this a great game
(06:20 / All) PlayByPlayBob: and perhaps another expansion by eliminating my units
(06:37 / All) PlayByPlayBob: Red has also gone DR
(06:41 / All) ColorComRod: It looks like team 1's team is way behind in tech Bob, what do you think of that? I think it's very odd how there's no rush
(06:44 / All) ColorComRod: and slow tech on top of it
(06:51 / All) PlayByPlayBob: That will limit the nuke capabilities of team 2s DKs
(07:05 / All) ColorComRod: Blue looks to just be massing archers which could go well for him
(07:12 / All) PlayByPlayBob: Blue seems to be massing archers
(07:15 / All) ColorComRod: Especially with no liches on the field for frost nova from team 2
(07:18 / All) PlayByPlayBob: Maybe it won't hurt him in the long run
(07:26 / All) PlayByPlayBob: Looks like they have elected to all mass tier 1 range
(07:31 / All) ColorComRod: Wow, two mass archers on team 1! Team 2 is going to need liches, abominations or something!
(07:36 / All) PlayByPlayBob: This could be huge trouble for team 2
(07:42 / All) PlayByPlayBob: ORange is going to lose those soft burrows
(07:44 / All) ColorComRod: Orange is finally almost tier 2, but he's being attacked, not sure if he can hold on
(07:48 / All) PlayByPlayBob: his tc is hurt
(07:57 / All) PlayByPlayBob: and his team have not arrived to help him yet
(08:00 / All) ColorComRod: Team 2 doesn't have much of anything, however it does have the expo advantage
(08:09 / All) PlayByPlayBob: Losing half his burrows will be a big blow I would think
(08:13 / All) ColorComRod: But the expo advantage may not get to kick in if orange gets himself kicked in
(08:17 / All) PlayByPlayBob: Purple loses heart in the face of the enemy
(08:22 / All) PlayByPlayBob: despite overwhelming advantage
(08:24 / All) ColorComRod: Definitely Bob, he's 33/30, he's food blocked
(08:32 / All) PlayByPlayBob: They did not mass enough I think
(08:34 / All) ColorComRod: Big battle going on at orange's base, teal and green finally helping
(08:38 / All) ColorComRod: But I'm not sure who has it
(08:42 / All) PlayByPlayBob: Looks like team 1 is about to be routed
(08:48 / All) PlayByPlayBob: Fiends are kicking the ass of archers!
(08:54 / All) PlayByPlayBob: Green with two heroes
(09:02 / All) ColorComRod: It looks like they managed to hold back the fearsome attack from team 1, I wasn't sure team 2 had it
(09:02 / All) GovLegend: yeah i am too high for this
(09:04 / All) PlayByPlayBob: And already level 4
(09:19 / All) PlayByPlayBob: This looks very bad for team 1
(09:22 / All) ColorComRod: And now team 2 is going to have a strong economy advantage with two undead expansions
(09:31 / All) PlayByPlayBob: They are behind on tech, experience and just got their asses handed to them, pardon my french
(09:34 / All) ColorComRod: Meanwhile team 1 only has purple's expansion, and red's just finishing
(09:42 / All) ColorComRod: But red's will take a while to pay off
(09:50 / All) PlayByPlayBob: They left items and tomes there as well, Rod
(10:02 / All) ColorComRod: Team 1 still has very poor tech, they were banking on getting something done with all those tier 1 units I believe
(10:05 / All) PlayByPlayBob: That creep by committee strategy already causing a huge mistake
(10:14 / All) ColorComRod: I find orange's strategy game seems to be very poor today
(10:15 / All) PlayByPlayBob: Purple's base is a sitting duck
(10:19 / All) PlayByPlayBob: No towers, teching
(10:24 / All) PlayByPlayBob: This is looking hopeless for team 1
(10:28 / All) ColorComRod: He still has almost nothing, it's almost like teal and green are winning this by themselves!
(10:34 / All) ColorComRod: Team 1 even having a player drop
(10:42 / All) ColorComRod: Purp giving up and thinking it's lost already
(10:47 / All) PlayByPlayBob: I think you could stick a fork in team 1
(10:48 / All) ColorComRod: Can team 1 come back, or is this the end of them so soon?
(11:01 / All) PlayByPlayBob: BUt more hopeless looking teams have come out with victory before
(11:03 / All) ColorComRod: I have to say it'll be very disappointing if team 1 gives up so fast Bob
(11:04 / All) PlayByPlayBob: We'll just have to wait and see
(11:18 / All) ColorComRod: Red teleporting to save purple's base, along with blue
(11:22 / All) ColorComRod: I think that's a wise move
(11:32 / All) PlayByPlayBob: Looks like purple gave up too soon
(11:36 / All) PlayByPlayBob: That's a shame
(11:39 / All) PlayByPlayBob: That's a damn shame
(11:42 / All) ColorComRod: Now, with team 1 a player down, they are definitely handicapped
(11:45 / All) PlayByPlayBob: He might have doomed his squad
(11:49 / All) PlayByPlayBob: Yes
(11:53 / All) ColorComRod: So it's going to be about how they manage this and if they manage to come back despite it
(11:55 / All) PlayByPlayBob: You hate to see players like purple doom their allies
(12:02 / All) PlayByPlayBob: He was the weak link in the first battle
(12:13 / All) ColorComRod: However I must say team 2 doesn't seem to have a massive advantage despite three players, because orange doesn't seem to be
(12:16 / All) ColorComRod: a very adept player
(12:27 / All) ColorComRod: So I think that's a big boon for team 1 and they may still be better off than it looks
(12:32 / All) PlayByPlayBob: Would you go so far as to call him a "newbie" Rod?
(12:44 / All) ColorComRod: I think I would absolutely call orange a newbie, Bob, I'm not sure he's played a game
(12:47 / All) ColorComRod: before in his life!
(12:56 / All) PlayByPlayBob: Well it certainly seems that way
(13:06 / All) PlayByPlayBob: Perhaps he just finished campaign yesterday
(13:19 / All) ColorComRod: Team 1 is certainly making wise decisions so far, expanding all over and coming back from an economy disadvantage strong
(13:38 / All) ColorComRod: Two expansions from blue, one from red, one from purple. That's very fearsome indeed, Bob, team 2 should be worried
(14:04 / All) ColorComRod: Meanwhile teal and green each only have one, and orange doesn't even have an expansion. I think team 2 has a huge economy
(14:04 / All) PlayByPlayBob: We take this moment to thank CORN NUTS, official sponser of BATTLE NET, they're not corn, they're not nuts,mmm theyre CORN NUTS
(14:06 / All) ColorComRod: disadvantage.
(14:22 / All) ColorComRod: Thank you so much for your sponsorship Corn Nuts! They truly are the best, I'm very
(14:29 / All) ColorComRod: proud to represent such a delicious food!
(14:36 / All) PlayByPlayBob: Team 1 seem indecisive on waht they want to do
(14:49 / All) PlayByPlayBob: Green and teal are split and orange well let's just say he likes to hang out at his base
(15:14 / All) PlayByPlayBob: Rod do you think orange is trying to go hero only?
(15:35 / All) ColorComRod: It certainly appears that orange is just going solo hero, but it's very odd
(15:40 / All) ColorComRod: He's making little use out of them truly
(15:41 / All) PlayByPlayBob: Team 1 may actually have the advantage here
(15:52 / All) ColorComRod: ANd seems to have no goals, he's going to tier 3 but has nothing in production
(15:54 / All) PlayByPlayBob: Indeed he is not even leeching exp from his alliesa
(16:00 / All) ColorComRod: No tech to prepare for anything like berserkers
(16:08 / All) PlayByPlayBob: This is a massive disadvantage wouldn't you say, for a 3v3?
(16:20 / All) PlayByPlayBob: IT looks like team 1 is turning this around
(16:22 / All) ColorComRod: But teal is massing frost wyrms and green is massing destroyers and those are very strong indeed, especially with death
(16:25 / All) ColorComRod: knights and fiends
(16:32 / All) ColorComRod: I would certainly say so Bob
(16:44 / All) PlayByPlayBob: Red is making a mistake by attacking ornage don't you agree
(16:49 / All) ColorComRod: I think team 1 is very impressive how they've managed to turn this around so far, it's looking a lot more bleak for team 2 than
(16:52 / All) ColorComRod: it was
(16:54 / All) PlayByPlayBob: He seems like a cancer on team two, and is towered
(17:02 / All) PlayByPlayBob: Almost one could say he is a towered coward
(17:04 / All) ColorComRod: Yeah, I think it's very risky
(17:10 / All) ColorComRod: However red has many chimeras
(17:17 / All) ColorComRod: So he may be able to take those towers down safely
(17:18 / All) PlayByPlayBob: Teal looking to have a wyrm and fiend force
(17:23 / All) ColorComRod: However I worry about his ability to retreat
(17:31 / All) ColorComRod: His dark ranger is very low health and could be sniped by the blademaster easily
(17:36 / All) PlayByPlayBob: Orange doesn't even have reenforced burrows so maybe it's not a mistake
(17:41 / All) ColorComRod: If I was orange and wasn't a newbie, I would snipe his hero and all that would be easy prey
(17:43 / All) PlayByPlayBob: although he must run now
(17:48 / All) ColorComRod: But it looks like red is getting out safely anyway
(18:00 / All) PlayByPlayBob: He is not doing a good job using purple
(18:02 / All) ColorComRod: He did bait both green and teal to defend, so that's something, Bob
(18:06 / All) PlayByPlayBob: This is pretty even
(18:14 / All) ColorComRod: I think the game could go anywhere from here
(18:21 / All) ColorComRod: It looks like no one is really at an advantage or disadvantage
(18:26 / All) PlayByPlayBob: Two aboms left out in the field
(18:37 / All) PlayByPlayBob: Whoever is using purple is doing a miserable job
(18:46 / All) ColorComRod: I'm not sure team 1 can manage controlling another player
(18:47 / All) PlayByPlayBob: Team 2 looks liek they're about to attack purples base
(18:51 / All) ColorComRod: It looks like their APM is getting limited
(18:54 / All) PlayByPlayBob: heRe it comes!
(18:59 / All) PlayByPlayBob: This is going to be a clusterfuck battle
(19:03 / All) ColorComRod: However, team 1 is still at a HUGE economy advantage
(19:08 / All) ColorComRod: Look at blue's gold count, 3,000!
(19:14 / All) PlayByPlayBob: they charge purples units ahead
(19:16 / All) PlayByPlayBob: out of the towers
(19:18 / All) PlayByPlayBob: Big mistake
(19:20 / All) ColorComRod: He can pump out a massive amount of units and potentially turn this around
(19:21 / All) PlayByPlayBob: But let's see what happens
(19:30 / All) ColorComRod: And red's 100 food chimeras are very dangerous indeed
(19:33 / All) PlayByPlayBob: The chims have had devastating impact
(19:41 / All) PlayByPlayBob: But now they're starting to drop like flies
(19:42 / All) ColorComRod: I think teal or green need to get some more antiair, perhaps gargoyles
(19:54 / All) PlayByPlayBob: Orange must have been pooling team 2
(19:55 / All) ColorComRod: It looks like this attack is going to be a disaster for team 2
(19:55 / Allies) TKjerksORnoobs: im b
(20:00 / All) PlayByPlayBob: Team 1 has routed team 2!
(20:12 / All) ColorComRod: Orange 24 food and 1300+ gold, still not doing anything
(20:13 / All) PlayByPlayBob: Let's see if they can follow up on this good turn of events for them
(20:27 / All) ColorComRod: Reviving his tauren chieftain he lost
(20:37 / All) ColorComRod: And building yet more towers rather than units
(20:43 / All) PlayByPlayBob: Team 1 seems to have it in for orange
(20:51 / All) PlayByPlayBob: But orange seems to be a weak link on your team
(20:53 / Allies) uzze: wood
(20:59 / All) ColorComRod: Blue 70 food and 3300+ gold, he has a huge economy advantage
(21:10 / All) ColorComRod: And a massive amount of dryads
(21:17 / All) PlayByPlayBob: However he seems to have a wood shortage
(21:24 / All) PlayByPlayBob: Perhaps he should build mroe wisps
(21:27 / All) ColorComRod: That many dryads, chimeras, combined with some of purple's aboms and fiends is very menacing
(21:39 / All) PlayByPlayBob: Red leads iwth the hurt chimaera
(21:50 / All) PlayByPlayBob: This is a smart play from team 1
(21:51 / All) ColorComRod: If team 1 pushes one of team 2's mains I'm not sure they can hold Bob, what do you think?
(21:55 / All) PlayByPlayBob: finally hitting their expansion
(22:01 / All) PlayByPlayBob: red not finished with the tower
(22:08 / All) PlayByPlayBob: blue should probably repair
(22:12 / All) ColorComRod: Green forcing a tp however, so that splits up team 1
(22:16 / All) ColorComRod: Very smart move
(22:19 / All) PlayByPlayBob: red should run now I would say
(22:20 / All) PlayByPlayBob: Here comes teal
(22:23 / All) PlayByPlayBob: This could be trouble!
(22:39 / All) PlayByPlayBob: Red might want to tp he's about to get whalloped!
(22:51 / All) ColorComRod: Uh oh, very unfortunate for team 1
(22:54 / All) PlayByPlayBob: Red foolishly fights alone without any AA
(22:59 / All) PlayByPlayBob: This might have cost his team the game
(23:11 / All) ColorComRod: Tps too little too late for that engagement
(23:14 / All) PlayByPlayBob: Red has made a series of mistakes otherwise I think team 1 should have won
(23:19 / All) ColorComRod: But the thing is they have a massive economy advantage
(23:25 / All) ColorComRod: So team 1 can afford to make more mistakes
(23:26 / All) PlayByPlayBob: Purple must have shared his vodka with red
(23:33 / All) PlayByPlayBob: Red doesn't turn on auto wells
(23:40 / All) PlayByPlayBob: His chims getting eating alive
(23:49 / All) ColorComRod: Teal out of gold, 140 and no income, starting an expansion
(23:54 / All) ColorComRod: That may be very bad if he can't establish it
(23:59 / All) ColorComRod: But blue's expansions are down too
(23:59 / All) PlayByPlayBob: This is about to turn itno a blood bath
(24:06 / All) ColorComRod: However he still has massive savings
(24:10 / All) PlayByPlayBob: Red cannot rebuild his force he's a sitting duck
(24:12 / All) PlayByPlayBob: But green backs off
(24:19 / All) ColorComRod: But I'm not sure if he'll be able to use them well
(24:28 / All) ColorComRod: Red appears to be out of gold and have no income
(24:29 / All) PlayByPlayBob: Red has no gold production, this looks bad
(24:32 / All) ColorComRod: So it's all up to red now
(24:42 / All) PlayByPlayBob: Red should probably walk his tree to an expansion along the bottom right edge
(24:43 / All) ColorComRod: Purp has 2k and a little lumber
(24:48 / All) ColorComRod: Perhaps they could utilise that
(25:02 / All) ColorComRod: Uh oh, I don't think blue is going to get to use his gold Bob
(25:07 / All) PlayByPlayBob: I don't see team 1 pulling this out, they mismanaged purple, they zigged when they shoulda zagged
(25:11 / All) ColorComRod: He saved so much gold and he's not making use out of it
(25:12 / All) PlayByPlayBob: STick a fork in em
(25:19 / All) ColorComRod: Huge mistake, it could cost his team the game
(25:25 / All) PlayByPlayBob: gReen wtih 2 expansions
(25:29 / All) PlayByPlayBob: teal has a new expansion
(25:33 / All) PlayByPlayBob: team 1 with none
(25:36 / All) PlayByPlayBob: I have to say it's over
(25:42 / All) PlayByPlayBob: I hate to say it, but it doesn't look good
(25:47 / All) ColorComRod: I think short of a miracle team 2 has this for sure
(25:58 / All) PlayByPlayBob: REd has no gold and hasn't walked his tree to an expansion
(25:59 / All) ColorComRod: Team 1 had a disadvantage from when purple left but they had it even or ahead for a long time
(26:02 / All) ColorComRod: They just never capitalised on it
(26:04 / All) PlayByPlayBob: Not sure what's going through his head
(26:10 / All) ColorComRod: Here comes what's probably the final battle
(26:13 / All) PlayByPlayBob: I don't see team 1 winning this battle
(26:15 / All) ColorComRod: If team 1 loses this I believe it's game
(26:22 / All) ColorComRod: So many units dying left and right
(26:26 / All) PlayByPlayBob: I think this is over Rod
(26:27 / All) ColorComRod: Orange almost even losing his bm
(26:39 / All) ColorComRod: Wow, it looks like it's over Bob
(26:43 / All) PlayByPlayBob: This was a great game and we would liek to thank all players for putting on a great show for the audience tonight
(26:43 / All) ColorComRod: Team 1's forces got obliterated
(26:53 / All) ColorComRod: Thank you all for tuning in this evening
(27:01 / All) ColorComRod: It looks like that's game
(27:08 / All) PlayByPlayBob: That's all she wrote!
(27:10 / All) ColorComRod: It truly was a great game with lots of back and forths
(27:21 / All) PlayByPlayBob: Well I'm Bob, that's Rod, and this is BATTLE NET! Thank you for watching.
(27:22 / All) ColorComRod: See you next time, in Bob and Rod's WC3 commentaries!